 Dungeon Crawl Stone Soup version 0.18.1-48-g4cf74bf (webtiles) character file.

32 Alarkh the Shooter (level 3, 28/28 HPs)
             Began as a Mummy Hunter on Aug 10, 2016.
             Quit the game on level 2 of the Dungeon.
             The game lasted 00:01:51 (1325 turns).

Alarkh the Shooter (Mummy Hunter)                   Turns: 1325, Time: 00:01:52

Health: 28/28      AC:  4    Str: 15    XL:     3   Next: 8%
Magic:  3/3        EV: 11    Int: 11    God:
Gold:   51         SH:  0    Dex: 12    Spells: 0 memorised, 2 levels left

rFire  x . .     SeeInvis .     e - -2 short sword (curse)
rCold  + . .     Gourm    .     c - +0 leather armour
rNeg   + + +     Faith    .     (no shield)
rPois  ∞         Spirit   .     i - +0 helmet
rElec  .         Dismiss  .     (no cloak)
rCorr  .         Reflect  .     (no gloves)
SustAt .         Harm     .     (no boots)
MR     .....                    (no amulet)
Stlth  +.........               (no ring)
                                (no ring)

@: not resistant to hostile enchantments, very unstealthy
A: no food or potions, fire vulnerability, cold resistance 1, negative energy
resistance 3, torment resistance, unbreathing
a: no special abilities


You were on level 2 of the Dungeon.
You were not hungry.

You visited 1 branch of the dungeon, and saw 2 of its levels.

You collected 51 gold pieces.

Inventory:

Hand Weapons
 a - a +1 shortbow
 b - a +0 short sword
 e - a cursed -2 short sword (weapon)
Missiles
 d - 20 arrows
Armour
 c - a +0 leather armour (worn)
 i - a +0 helmet (worn)
Scrolls
 f - 2 scrolls of identify
 g - a scroll of immolation
 h - a scroll of teleportation


   Skills:
 + Level 2.3(1.1) Fighting
 + Level 0.1(0.0) Short Blades
 + Level 3.6(1.8) Bows
 + Level 0.4(0.2) Armour
 + Level 2.0(1.0) Dodging
 + Level 0.7(0.3) Stealth


You had 2 spell levels left.
You didn't know any spells.

Dungeon Overview and Level Annotations

Branches:
Dungeon (2/15)

Altars:
Ashenzari
Vehumet


Innate Abilities, Weirdness & Mutations

You do not eat or drink.
Your flesh is vulnerable to fire.
You are immune to poison.
Your flesh is cold resistant.
You are immune to negative energy.
You are immune to unholy pain and torment.
You can survive without breathing.


Message History

You hit the hobgoblin.
You kill the hobgoblin!
No target in view!
You see here a hobgoblin corpse.
You enter a teleport trap!
The teleport trap disappears.
Your surroundings suddenly seem different.
A ball python comes into view.
A ball python is nearby!
You hit the ball python.
You kill the ball python!
Your base Dodging skill increases to level 2!
No target in view!
No target in view!
Found a leather armour.
Found an amethyst potion.
You see here a leather armour.
Found a ruby potion.
Are you sure you want to abandon this character and quit the game? (Confirm with "yes".)
Okay, then.
Are you sure you want to abandon this character and quit the game? (Confirm with "yes".)

##... #. #....
#.# ##... # #.#
##..
.##.#####.†
..........
#######..#####.
.#.#######...#
#..#####.
!......@.....#
#........
##.#######...#
#.####### ##.##
#.####### #.#
#.[...!.# #.#
#.#####.# #.#
#.# #.# #.# #.#
#.# #.####.#
#.# #......#
##.#


There were no monsters in sight!

Vanquished Creatures
  2 dart slugs (D:1)
  A ball python (D:2)
  3 giant cockroaches (D:1)
  4 goblins
  3 hobgoblins (D:2)
  4 bats (D:1)
  A giant newt (D:1)
  4 kobolds
  3 rats (D:1)
25 creatures vanquished.

Notes
Turn   | Place    | Note
--------------------------------------------------------------
     0 | D:1      | Alarkh the Mummy Hunter began the quest for the Orb.
     0 | D:1      | Reached XP level 1. HP: 16/16 MP: 1/1
   257 | D:1      | Reached XP level 2. HP: 15/22 MP: 2/2
   967 | D:2      | Found a faded altar to an unknown god.
  1004 | D:2      | Reached XP level 3. HP: 18/28 MP: 3/3
  1113 | D:2      | Became a worshipper of Ashenzari the Shackled
  1113 | D:2      | Reached * piety under Ashenzari
  1113 | D:2      | Fell from the grace of Ashenzari
  1232 | D:2      | Found a radiant altar of Vehumet.
  1325 | D:2      | Quit the game

Skill      XL: |  1  2  3 |
---------------+----------+-----
Dodging        | 2 |  2.0
Fighting       | |  2.3
Short Blades   | |  0.1
Bows           | |  3.6
Armour         | |  0.4
Stealth        | |  0.7

Action                   || total
-------------------------++-------
Melee: Short sword       ||   122
 Fire: Shortbow          ||    12
Invok: Renounce Religion ||     1
  Use: Scroll            ||     3
 Stab: Sleeping          ||     1
Armor: Leather armour    ||    30
Dodge: Dodged            ||    74
